 Dungeon Crawl Stone Soup version 0.30.0-30-g96aa6591b8 (webtiles) character file.

Game seed: 9050592706897640034

9234 Peloso the Carver (level 11, -8/97 HPs)
             Began as a Minotaur Fighter on June 29, 2023.
             Was an Elder of Okawaru.
             Mangled by a yak (13 damage)
             ... on level 10 of the Dungeon.
             The game lasted 00:19:23 (9746 turns).

Peloso the Carver (Minotaur Fighter)                Turns: 9746, Time: 00:19:23

Health: -8/97      AC: 17    Str: 29    XL:     11   Next: 20%
Magic:  7/10       EV: 13    Int:  5    God:    Okawaru [****..]
Gold:   200        SH:  9    Dex: 12    Spells: 10/10 levels left

rFire   . . .        a - +0 long sword
rCold   . . .        d - +2 buckler of Pesuly Rais {rElec}
rNeg    . . .        K - +0 chain mail
rPois   +            (helmet restricted)
rElec   +            (no cloak)
rCorr   .            v - +0 pair of gloves
SInv    .            c - +0 pair of boots {Stlth+}
Will    .....        e - amulet of regeneration
Stlth   +            g - +6 ring of strength
HPRegen 1.16/turn    o - ring of poison resistance
MPRegen 0.12/turn

%: no passive effects
@: heroic
A: horns 2, retaliatory headbutt
a: Renounce Religion, Heroism, Finesse


You were on level 10 of the Dungeon.
You worshipped Okawaru.
Okawaru was greatly pleased with you.
You visited 2 branches of the dungeon, and saw 12 of its levels.
You also visited: Ossuary.

You collected 466 gold pieces.
You spent 266 gold pieces at shops.

Inventory:

Hand Weapons
 a - a +0 long sword (weapon)
Missiles
 O - 3 throwing nets (quivered)
Armour
 b - a +1 scale mail
 c - a +0 pair of boots of stealth (worn)
 d - the +2 buckler of Pesuly Rais (worn) {rElec}
   (You bought it in a shop on level 9 of the Dungeon)

   rElec:     It insulates you from electricity.
 v - a +0 pair of gloves (worn)
 K - a +0 chain mail (worn)
Jewellery
 e - an amulet of regeneration (around neck)
 f - a +5 ring of evasion
 g - a +6 ring of strength (left hand)
 m - an amulet of the acrobat
 o - a ring of poison resistance (right hand)
 M - a ring of protection from cold
Wands
 D - a wand of mindburst (43)
 G - a wand of roots (2)
 L - a wand of polymorph (4)
Scrolls
 h - 5 scrolls of teleportation {unknown}
 i - a scroll of enchant armour
 k - 4 scrolls of blinking
 l - a scroll of acquirement
 t - 4 scrolls of fog
 w - a scroll of poison
 x - 2 scrolls of amnesia
 y - 2 scrolls of fear {unknown}
 B - 7 scrolls of identify
 C - 3 scrolls of enchant weapon {unknown}
 J - a scroll of vulnerability {unknown}
 N - 2 scrolls of immolation {unknown}
 P - a scroll of summoning {unknown}
Potions
 n - 2 potions of might
 p - 3 potions of flight {unknown}
 q - 2 potions of resistance {unknown}
 r - 2 potions of ambrosia {unknown}
 s - 3 potions of brilliance
 u - 2 potions of magic
 z - 2 potions of attraction {unknown}
 A - 4 potions of curing
 E - a potion of invisibility {unknown}
 F - 3 potions of haste {unknown}
 H - a potion of cancellation {unknown}
 I - 3 potions of berserk rage {unknown}


   Skills:
 + Level 9.3(14.3) Fighting
 + Level 13.8(18.8) Long Blades
 + Level 10.4(15.4) Armour
 + Level 5.2(10.2) Dodging
 + Level 0.9(5.9) Stealth
 + Level 7.3(12.3) Shields
 + Level 0.6 Invocations
 + Level 1.3 Evocations


You had 10 spell levels left.
You didn't know any spells.
Your spell library contained the following spells:

 Spells                   Type           Power      Damage    Failure   Level
 Shock                    Conj/Air       0%         1d3       86%         1
 Ensorcelled Hibernation  Hex/Ice        0%         N/A       94%         2
 Passwall                 Tmut/Erth      0%         N/A       94%         2
 Static Discharge         Conj/Air       0%         2-2/arc   94%         2
 Portal Projectile        Hex/Tloc       0%         N/A       99%         3
 Swiftness                Air            0%         N/A       99%         3
 Vhi's Electric Charge    Tloc/Air       0%         N/A       99%         3
 Airstrike                Air            0%         2d(0-16)  100%        4
 Leda's Liquefaction      Hex/Erth       0%         N/A       100%        4
 Arcjolt                  Conj/Air       0%         1d10      100%        5
 Plasma Beam              Fire/Air       0%         2x1d11    100%        6
 Call Canine Familiar     Summ           Unusable   N/A       N/A         3
 Summon Lightning Spire   Summ/Air       Unusable   N/A       N/A         4

Dungeon Overview and Level Annotations

Branches:
Dungeon (11/15)            Temple (1/1) D:6         Ossuary (visited)
   Lair: D:8-11         Orc: D:9-12

Altars:
Ashenzari
Cheibriados
Dithmenos
Elyvilon
Fedhas
Gozag
Hepliaklqana
Kikubaaqudgha
Makhleb
Nemelex Xobeh
Okawaru
Qazlal
Ru
Sif Muna
Trog
Uskayaw
Vehumet
Xom
Zin
The Shining One

Shops:
D:4 [   D:9 [

Annotations:
D:8 2 transporters, Henri's ghost, novice VSEn
D:9 2 transporters, exclusion: ice statue, raetorn's ghost, journeyman DjFE


Innate Abilities, Weirdness & Mutations

You have a pair of horns on your head.
You reflexively headbutt those who attack you in melee.


Message History

Unknown command.
You barely miss the skeletal warrior. You headbutt the skeletal warrior.
The skeletal warrior is almost destroyed.
You hit the skeletal warrior but do no damage.
The skeletal warrior is almost destroyed.
You block the yak's attack. x2
The skeletal warrior hits you with a +0 hand axe.
Unknown command.
You barely miss the skeletal warrior.
The skeletal warrior is almost destroyed.
You block the yak's attack. The yak misses you.
The skeletal warrior hits you with a +0 hand axe!
* * * LOW HITPOINT WARNING * * *
You hit the skeletal warrior.
You headbutt the skeletal warrior, but do no damage.
The skeletal warrior is almost destroyed.
You hit the skeletal warrior but do no damage.
Your headbutt misses the skeletal warrior.
The skeletal warrior is almost destroyed.
The yak gores you.
* * * LOW HITPOINT WARNING * * *
The yak gores you.
* * * LOW HITPOINT WARNING * * *
The skeletal warrior barely misses you.
You closely miss the skeletal warrior.
The skeletal warrior is almost destroyed.
You feel like a meek peon again. You block the yak's attack.
The yak closely misses you. You furiously retaliate!
You headbutt the yak.
The skeletal warrior hits you but does no damage.
Unknown command.
You closely miss the skeletal warrior.
The skeletal warrior is almost destroyed.
The yak completely misses you. The yak gores you!
* * * LOW HITPOINT WARNING * * *
The skeletal warrior barely misses you.
Unknown command.
You gain the combat prowess of a mighty hero.
The yak gores you but does no damage. The yak gores you!
You die...

#######.(.#####.###.#.# #..(....#
#..................)..###.......#
................###.####.....(..#
................# #.# #........#
.######...#####.# #.# #........#
.# #...# #.# #.# #......[.# .##
#...# #.# #.####.###..... ..#
#...# #Y###...<..# ###### #.#
#...# #Y@z.......## #....
#.#####...# ##########..###...#
#........## #......_.#
.#.####..####### #.####...#
###...#........# #.####....
.#......######.# #....#####
#..............# #####.# #
#..##....##.#### #.####
#..##..>......# #.>...


You could see a skeletal warrior and 2 yaks.

Vanquished Creatures
  Harold (D:10)
  A two-headed ogre (D:10)
  Nergalle (D:10)
  A skeletal warrior (D:10)
  Maggie (D:6)
  An unseen horror (D:11)
  A wraith (D:10)
  A shadow (D:10)
  4 wyverns
  7 yaks
  2 acid dragons
  A water moccasin (D:7)
  3 orc warriors
  4 ice beasts
  2 sky beasts
  2 black bears (D:5)
  4 ogres
  A centaur (D:6)
  3 phantoms
  3 kobold brigands
  A bullfrog (D:7)
  2 elf zombies (Ossuary)
  3 scorpions
  8 killer bees
  9 howler monkeys
  4 crimson imps (D:6)
  A centaur zombie (Ossuary)
  2 human zombies (Ossuary)
  3 jellies
  4 orc priests
  4 hounds
  6 iguanas
  2 sleepcaps
  Crazy Yiuf (D:6)
  5 orc wizards
  A hound zombie (Ossuary)
  3 mummies (Ossuary)
  12 adders
  3 shadow imps
  2 white imps
  An ufetubus (D:6)
  2 adder zombies (Ossuary)
  3 worms (D:2)
  2 dart slugs
  19 orcs
  4 bats
  10 endoplasms
  8 giant cockroaches
  2 gnoll zombies (Ossuary)
  7 goblins
  6 hobgoblins
  2 jackals (D:5)
  5 quokkas
  12 ball pythons
  7 frilled lizards
  3 goblin zombies (Ossuary)
  5 hobgoblin zombies (Ossuary)
  6 jackal zombies (Ossuary)
  23 kobolds
  3 kobold zombies (Ossuary)
  An orc zombie (Ossuary)
  4 quokka zombies (Ossuary)
  4 rats
  4 rat zombies (Ossuary)
263 creatures vanquished.

Vanquished Creatures (others)
  A wizard (D:10)
  An orc wizard (D:7)
2 creatures vanquished.

Grand Total: 265 creatures vanquished

Notes
Turn   | Place    | Note
-------+----------+-------------------------------------------
     0 | D:1      | Peloso the Minotaur Fighter began the quest for the Orb.
     0 | D:1      | Reached XP level 1. HP: 19/19 MP: 0/0
    90 | D:1      | You fall into a shaft and drop 1 floor!
    95 | D:2      | Identified a scroll of acquirement
   264 | D:2      | Reached XP level 2. HP: 27/27 MP: 1/1
   384 | D:2      | Reached XP level 3. HP: 27/33 MP: 2/2
   392 | D:2      | Reached skill level 3 in Long Blades
   440 | D:2      | Reached XP level 4. HP: 40/40 MP: 3/3
   586 | D:2      | Reached skill level 1 in Dodging
  1670 | D:3      | Reached XP level 5. HP: 46/46 MP: 4/4
  2143 | D:3      | Found a snail-covered altar of Cheibriados.
  2342 | D:4      | Found a shimmering blue altar of Sif Muna.
  2362 | D:4      | Reached skill level 4 in Long Blades
  2409 | D:4      | Noticed a phantom
  2431 | D:4      | Killed a phantom
  2432 | D:4      | Reached skill level 5 in Long Blades
  2432 | D:4      | Reached skill level 5 in Armour
  2432 | D:4      | Reached XP level 6. HP: 36/53 MP: 5/5
  2499 | D:4      | Found a sand-covered staircase.
  2508 | Ossuary  | Entered an ossuary
  2665 | Ossuary  | Reached skill level 6 in Long Blades
  2672 | Ossuary  | Reached XP level 7. HP: 59/60 MP: 6/6
  2745 | Ossuary  | Reached skill level 5 in Shields
  2832 | Ossuary  | Reached skill level 5 in Fighting
  2900 | D:4      | Found Vybeg's Antique Armour Shop.
  3182 | D:5      | Entered Level 5 of the Dungeon
  3204 | D:5      | Found a hide-covered altar of Uskayaw.
  3294 | D:5      | Reached skill level 7 in Long Blades
  3367 | D:5      | Reached XP level 8. HP: 43/68 MP: 7/7
  3421 | D:5      | Reached skill level 8 in Long Blades
  3507 | D:5      | Reached skill level 9 in Long Blades
  3677 | D:5      | Found a hazy altar of Hepliaklqana.
  4063 | D:6      | Found a staircase to the Ecumenical Temple.
  4109 | Temple   | Entered the Ecumenical Temple
  4145 | Temple   | Became a worshipper of Warmaster Okawaru
  4210 | D:6      | Found a shimmering altar of Xom.
  4358 | D:6      | Found a burning altar of Makhleb.
  4358 | D:6      | Found a glowing silver altar of Zin.
  4359 | D:6      | Found a blossoming altar of Fedhas.
  4553 | D:6      | Reached skill level 10 in Long Blades
  4566 | D:6      | Reached XP level 9. HP: 58/75 MP: 8/8
  4593 | D:6      | Identified the +1 dagger of Ruination {heavy, rPois Str-2
                  | Dex+3}
  4631 | D:6      | Found a runed translucent door.
  4632 | D:6      | Noticed Crazy Yiuf
  4809 | D:6      | Noticed Maggie
  4820 | D:6      | Killed Maggie
  4896 | D:6      | Found a glowing golden altar of the Shining One.
  5287 | D:6      | Killed Crazy Yiuf
  5361 | D:7      | Found an opulent altar of Gozag.
  5426 | D:7      | Found a sparkling altar of Nemelex Xobeh.
  5603 | D:7      | Reached * piety under Okawaru
  5652 | D:7      | Reached skill level 11 in Long Blades
  5723 | D:7      | Reached skill level 1 in Evocations
  6525 | D:8      | Found a white marble altar of Elyvilon.
  6537 | D:8      | Found a transporter.
  6799 | D:8      | Reached ** piety under Okawaru
  7012 | D:8      | Found a transporter.
  7016 | D:8      | Identified the ring "Ysmy" {rF+ rCorr EV+5 Stlth-}
  7046 | D:8      | Reached XP level 10. HP: 76/84 MP: 9/9
  7056 | D:8      | Identified the +2 rapier of Tenacity {drain, rN+ Str-4
                  | Dex+2 Stlth+}
  7113 | D:8      | Noticed Henri's ghost (novice VSEn)
  7412 | D:8      | Noticed a centaur warrior
  7413 | D:8      | Noticed a deep elf pyromancer
  7714 | D:8      | Reached skill level 12 in Long Blades
  7776 | D:8      | Reached *** piety under Okawaru
  7938 | D:9      | Noticed a deep elf pyromancer
  7941 | D:9      | Noticed a cyclops
  7941 | D:9      | Identified the staff of conjuration "Oseseory" {Str+6}
  7950 | D:9      | Found a transporter.
  8006 | D:9      | Found Risoexog's Antique Armour Emporium.
  8031 | D:9      | Bought a smoking buckler for 266 gold pieces
  8031 | D:9      | Identified the +2 buckler of Pesuly Rais {rElec} (You
                  | bought it in a shop on level 9 of the Dungeon)
  8119 | D:9      | Noticed an ice statue
  8122 | D:9      | Noticed raetorn's ghost (journeyman DjFE)
  8136 | D:9      | Found a transporter.
  8349 | D:9      | Found a stormy altar of Qazlal.
  8540 | D:10     | Entered Level 10 of the Dungeon
  8623 | D:10     | Found a broken altar of Ashenzari.
  8661 | D:10     | Reached **** piety under Okawaru
  8745 | D:10     | Reached skill level 13 in Long Blades
  8790 | D:10     | Noticed Harold
  8814 | D:10     | Killed Harold
  8815 | D:10     | Reached skill level 5 in Dodging
  8833 | D:10     | Noticed Nergalle
  8850 | D:10     | Killed Nergalle
  8851 | D:10     | Reached skill level 10 in Armour
  8881 | D:10     | Found a sacrificial altar of Ru.
  8988 | D:10     | Reached XP level 11. HP: 78/95 MP: 10/10
  9115 | D:10     | Found a bloodstained altar of Trog.
  9117 | D:10     | Noticed a wizard
  9122 | D:10     | Killed a wizard
  9224 | D:10     | Noticed a two-headed ogre
  9233 | D:10     | Killed a two-headed ogre
  9518 | D:11     | Noticed a skeletal warrior
  9525 | D:11     | Noticed a skeletal warrior
  9525 | D:11     | Noticed a skeletal warrior
  9553 | D:10     | Killed a skeletal warrior
  9725 | D:11     | Noticed a skeletal warrior
  9745 | D:10     | HP: 3/97 [yak (12)]
  9746 | D:10     | Mangled by a yak

Illustrated notes

Levels and vault maps discovered:
D:1:      dpeg_arrival_stone_temple_mockup, layout_basic
D:2:      minmay_thinvault, layout_loops_ring
D:3:      layout_loops_ring, general_overflow_altar, grunt_ministairs_11
D:4:      layout_cave_pools, mainiacjoe_overflow_six_doors_small,
          enter_ossuary_3, serial_shops, nicolae_stop_n_shop_1,
          corexii_item_surrounded_by_moat
D:5:      layout_basic, nicolae_hepliaklqana_hippocampus,
          mainiacjoe_overflow_cross_hatched, serial_bayou_pond_c,
          nrook_loot_triangle, minmay_pentangle
D:6:      layout_layer_cave, led_xom_imps, nicolae_tso_swordbearing_angel,
          minitemple, minmay_temple_entry_mini_moons, uniq_maggie,
          uniq_crazy_yiuf_cottage
D:7:      layout_layer_cave, mainiacjoe_overflow_concentric_impassable,
          nemelex_spade_bored_becter
D:8:      layout_layer_cave, nicolae_elyvilon_peaceful_grove,
          gammafunk_ghost_gnarly_gnolls, dreamdust_mushroom_princess,
          onia_ninara_dug_in_and_dangerous
D:9:      layout_long_grid, kennysheep_mini, serial_shops,
          nicolae_shop_window_shopping, nzn_ghost_randoct, glass_columns_a
D:10:     layout_loops_cross, trog_wizard, lemuel_crystal_altar,
          marbit_many_paths, uniq_nergalle, uniq_harold
D:11:     layout_big_octagon, lair_entry_dummy, nicolae_kite_square_tiling_tiny
Temple:   nicolae_temple_two_arcs

Skill      XL: |  1  2  3  4  5  6  7  8  9 10 11 |
---------------+----------------------------------+-----
Shields        | 4 5 6 7 |  7.3
Armour         | 4 5 6 8 10 | 10.4
Fighting       | 4 5 6 8 9 |  9.3
Long Blades    | 3 5 6 7 10 11 13 | 13.8
Dodging        | 1 2 3 4 5 |  5.2
Evocations     | 1 |  1.3
Stealth        | |  0.9
Invocations    | |  0.6

Action                     |  1- 3 |  4- 6 |  7- 9 | 10-12 || total
---------------------------+-------+-------+-------+-------++-------
  Melee: Long sword        |    71 |   234 |   405 |   281 ||   991
         Headbutt          |     5 |    38 |    67 |    64 ||   174
 Invoke: Heroism           |       |       |       |     7 ||     7
  Evoke: Wand              |       |       |    10 |     4 ||    14
    Use: Scroll            |     4 |     2 |     3 |     1 ||    10
         Potion            |     2 |       |     1 |     2 ||     5
 Armour: Scale mail        |    31 |   123 |   119 |       ||   273
         Chain mail        |       |       |    95 |   105 ||   200
  Dodge: Dodged            |    35 |   139 |   201 |   121 ||   496
  Block: Buckler           |    14 |    69 |    89 |    88 ||   260
